 Dungeon Crawl Stone Soup version 0.23.0 (webtiles) character file.

Game seed: 8581398905931325763

5116 EnegeticOcto the Cleaver (level 10, -5/80 HPs)
             Began as a Demonspawn Gladiator on Feb 10, 2019.
             Was a Priest of Uskayaw.
             Killed by divine providence
             ... invoked by a sphinx
              (14 damage)
             ... on level 9 of the Dungeon.
             The game lasted 00:08:05 (8050 turns).

EnegeticOcto the Cleaver (Demonspawn Gladiator)     Turns: 8050, Time: 00:08:05

Health: -5/80      AC: 15    Str: 20    XL:     10   Next: 32%
Magic:  9/15       EV:  7    Int:  9    God:    Uskayaw [***...]
Gold:   468        SH:  0    Dex: 16    Spells: 9/9 levels left

rFire    . . .     SeeInvis +   p - +2 war axe of Honesty {chop, rPois rC+}
rCold    + . .     Gourm    .   (no shield)
rNeg     . . .     Faith    .   x - +0 plate armour (curse)
rPois    +         Spirit   .   (helmet restricted)
rElec    .         Reflect  .   B - scarf {cloud immunity}
rCorr    .         Harm     .   (no gloves)
MR       .....                  (no boots)
Stlth    ..........             (no amulet)
HPRegen  0.23/turn              A - +3 ring of strength
MPRegen  0.14/turn              y - ring of see invisible

@: no status effects
A: antennae 1, molten scales 2, demonic guardian 1, spiny 2
a: Stomp, Line Pass, Renounce Religion


You were on level 9 of the Dungeon.
You worshipped Uskayaw.
Uskayaw was noncommittal.
You were not hungry.

You visited 2 branches of the dungeon, and saw 10 of its levels.
You also visited: Ossuary.

You collected 526 gold pieces.
You spent 58 gold pieces at shops.

Inventory:

Hand Weapons
 p - the +2 war axe of Honesty (weapon) {chop, rPois rC+}
   (You found it on level 5 of the Dungeon)

   It inflicts extra damage upon your enemies.
   It protects you from cold.
   It protects you from poison.
Missiles
 d - 3 throwing nets (quivered) {!f}
Armour
 x - a cursed +0 plate armour (worn)
 B - a scarf of cloud immunity (worn)
Jewellery
 m - an uncursed ring of resist corrosion
 y - a ring of see invisible (right hand)
 A - a +3 ring of strength (left hand)
Wands
 a - a wand of polymorph (9)
Scrolls
 e - 12 scrolls of remove curse {@r2}
 l - 4 scrolls of immolation
 o - 3 scrolls of teleportation {@r3 !r}
 C - a scroll of enchant weapon
Potions
 g - a potion of flight
 h - a potion of berserk rage
 i - 4 potions of curing
 j - 2 potions of brilliance
 n - a potion of haste {@q4 !q}
 q - a potion of resistance
 r - a potion of ambrosia
 s - 3 potions of magic
 t - a potion of lignification {unknown}
 u - a potion of cancellation
 v - a potion of invisibility
 w - 3 potions of mutation
 z - a potion of might {unknown}
Comestibles
 f - 19 rations


   Skills:
 + Level 7.9 Fighting
 * Level 10.2 Axes
 - Level 1.7 Throwing
 + Level 4.9 Armour
 - Level 2.6 Dodging
 + Level 7.2 Invocations


You had 9 spell levels left.
You didn't know any spells.
Your spell library was empty.

Dungeon Overview and Level Annotations

Branches:
Dungeon (9/15)             Temple (1/1) D:6
   Lair: D:8-11         Orc: D:9-12

Altars:
Ashenzari
Cheibriados
Dithmenos
Elyvilon
Fedhas
Gozag
Kikubaaqudgha
Makhleb
Nemelex Xobeh
Qazlal
Ru
Sif Muna
Uskayaw
Vehumet
Wu Jian
Xom
Yredelemnul
Zin
The Shining One

Shops:
D:5 *   D:8 *   D:9 (


Innate Abilities, Weirdness & Mutations

You have a pair of small antennae on your head.
You are mostly covered in molten scales. (AC +3)
A weak demonic guardian rushes to your aid.
You are mostly covered in sharp spines.


Message History

The sphinx casts a spell.
Something smites you!
* * * LOW HITPOINT WARNING * * *
Your ufetubus hits the sphinx.
Your ufetubus hits the sphinx but does no damage.
You stomp with the beat, sending a shockwave through the revelers around you!
The sphinx is almost dead.
You feel somewhat more hungry.
Your ufetubus barely misses the sphinx.
Your ufetubus hits the sphinx.
The sphinx mumbles some strange words.
The sphinx is healed somewhat.
Your ufetubus hits the sphinx but does no damage. x2
Uskayaw will force your foes to share their pain.
You stomp with the beat, sending a shockwave through the revelers around you!
The sphinx is almost dead.
You feel somewhat more hungry.
The sphinx is no longer sharing its pain.
The sphinx casts a spell.
Something smites you!
You die...

.......##.(##.# #.#
#.# #...
.#####.##..##.# #.#
#.# #.##
#.###...#.)##.# #.#
#.# #.#
......รท.......# #.#
#.# #.#
..#........##.# #.#
#.# #.#
................ ..
#.##
.#[........########
.#####.##
..^........#...(..#
#.........
.#......####...#@5#
#.##..#... .#.....##
#...#H5.|# ##..#.##
###.### #...#..})#
.##..#.# #..
#...#########.##..#.##
####
#........##.......(...
.#
#....)...##.#####(#.##
. #......(.##.## #(#.#
. ############'#...#
#.#.# .
.................#
#.#.#


You could see a sphinx, a friendly iron imp and a friendly ufetubus.

Vanquished Creatures
  A centaur warrior (D:9)
  A manticore (D:9)
  A yaktaur (D:9)
  A hippogriff (D:9)
  2 hungry ghosts (D:9)
  Duvessa (D:6)
  A water moccasin (D:9)
  A hornet zombie (D:6)
  An orc warrior (D:8)
  2 ice beasts (D:6)
  A phantom (D:7)
  A necrophage (D:9)
  An ogre (D:9)
  5 centaurs
  4 bullfrogs
  Dowan (D:6)
  A wyvern zombie (D:9)
  A wyvern skeleton (D:9)
  A water moccasin skeleton (D:9)
  5 killer bees (D:8)
  A wight (D:9)
  5 howler monkeys
  3 crimson imps
  A quasit (D:7)
  2 centaur zombies
  3 hounds
  A human zombie (Ossuary)
  An orc priest (D:9)
  A bullfrog skeleton (D:8)
  4 orc wizards
  2 iguanas
  6 worker ants
  A big kobold zombie (Ossuary)
  5 mummies (Ossuary)
  3 gnolls (D:7)
  8 adders
  2 adder zombies
  2 adder skeletons
  5 worms
  A dart slug (D:2)
  5 leopard geckos
  22 orcs
  2 ball pythons
  2 giant cockroaches
  3 gnoll zombies (Ossuary)
  4 goblins
  5 hobgoblins
  8 jackals
  7 quokkas
  7 bats
  3 frilled lizards
  A goblin zombie (Ossuary)
  A hobgoblin zombie (Ossuary)
  8 kobolds
  11 rats
179 creatures vanquished.

Vanquished Creatures (collateral kills)
  A troll (D:9)
  An ogre (D:8)
  2 orc wizards (D:4)
  A jackal (D:4)
5 creatures vanquished.

Grand Total: 184 creatures vanquished

Notes
Turn   | Place    | Note
-------+----------+-------------------------------------------
     0 | D:1      | EnegeticOcto the Demonspawn Gladiator began the quest for
                  | the Orb.
     0 | D:1      | Reached XP level 1. HP: 16/16 MP: 1/1
    89 | D:1      | Reached skill level 3 in Axes
   149 | D:1      | Gained mutation: You are partially covered in molten
                  | scales. (AC +2) [demonic ancestry]
   149 | D:1      | Reached XP level 2. HP: 21/22 MP: 2/2
   800 | D:2      | Found a blossoming altar of Fedhas.
   830 | D:2      | Gained mutation: You are partially covered in sharp spines.
                  | [demonic ancestry]
   830 | D:2      | Reached XP level 3. HP: 27/28 MP: 3/3
  1253 | D:2      | Reached skill level 4 in Axes
  1253 | D:2      | Reached XP level 4. HP: 34/34 MP: 4/4
  1473 | D:3      | Gained mutation: You are mostly covered in molten scales.
                  | (AC +3) [demonic ancestry]
  1473 | D:3      | Reached XP level 5. HP: 36/41 MP: 5/5
  1515 | D:3      | Found a faded altar of an unknown god.
  2188 | D:4      | Found a sand-covered staircase.
  2198 | D:4      | Reached skill level 5 in Axes
  2225 | Ossuary  | Entered an ossuary
  2327 | Ossuary  | Gained mutation: A weak demonic guardian rushes to your
                  | aid. [demonic ancestry]
  2327 | Ossuary  | Reached XP level 6. HP: 18/48 MP: 6/6
  3039 | D:4      | Reached skill level 6 in Axes
  3444 | D:4      | Gained mutation: You are mostly covered in sharp spines.
                  | [demonic ancestry]
  3444 | D:4      | Reached XP level 7. HP: 39/55 MP: 7/7
  3724 | D:5      | Entered Level 5 of the Dungeon
  3788 | D:5      | Got a brightly glowing war axe
  3789 | D:5      | Identified the +2 war axe of Honesty {chop, rPois rC+} (You
                  | found it on level 5 of the Dungeon)
  3921 | D:5      | Found Ruevvoyfi's Assorted Antiques.
  3930 | D:5      | Bought a scroll labeled VANELYM KOETTA for 29 gold pieces
  3931 | D:5      | Bought a scroll labeled MEOLAT DEKK for 29 gold pieces
  4304 | D:6      | Reached skill level 5 in Fighting
  4345 | D:6      | Reached skill level 7 in Axes
  4386 | D:6      | Found a staircase to the Ecumenical Temple.
  4395 | Temple   | Entered the Ecumenical Temple
  4475 | Temple   | Became a worshipper of Uskayaw the Reveler
  4492 | D:6      | Reached * piety under Uskayaw
  4564 | D:6      | Noticed Dowan
  4564 | D:6      | Noticed Duvessa
  4568 | D:6      | Reached ** piety under Uskayaw
  4569 | D:6      | Killed Duvessa
  4569 | D:6      | Reached skill level 1 in Invocations
  4569 | D:6      | Reached XP level 8. HP: 63/63 MP: 7/9
  4572 | D:6      | Reached *** piety under Uskayaw
  4573 | D:6      | Killed Dowan
  4618 | D:6      | Found a stormy altar of Qazlal.
  4661 | D:6      | Reached skill level 1 in Armour
  4893 | D:6      | Found a stormy altar of Qazlal.
  5118 | D:7      | Reached skill level 8 in Axes
  5119 | D:7      | Reached **** piety under Uskayaw
  5550 | D:8      | Found Gozag's Platinum Reserve.
  5550 | D:8      | Found an opulent altar of Gozag.
  5559 | D:8      | Reached XP level 9. HP: 46/71 MP: 10/12
  5968 | D:8      | Found a white marble altar of Elyvilon.
  6225 | D:8      | Found a glowing golden altar of the Shining One.
  6549 | D:9      | Reached skill level 5 in Invocations
  6564 | D:9      | Reached skill level 9 in Axes
  6764 | D:9      | Noticed a troll
  6773 | D:9      | Killed a troll
  7013 | D:9      | Found Opiric's Weapon Shoppe.
  7183 | D:9      | Noticed a death knight
  7183 | D:9      | Noticed a yaktaur
  7183 | D:9      | Noticed a manticore
  7457 | D:9      | Killed a manticore
  7457 | D:9      | Gained mutation: You have a pair of small antennae on your
                  | head. [demonic ancestry]
  7457 | D:9      | Reached XP level 10. HP: 42/79 MP: 14/14
  8035 | D:9      | Reached skill level 10 in Axes
  8040 | D:9      | Noticed a centaur warrior
  8040 | D:9      | Noticed a sphinx
  8047 | D:9      | Killed a centaur warrior
  8050 | D:9      | Killed from afar by a sphinx

Skill      XL: |  1  2  3  4  5  6  7  8  9 10 |
---------------+-------------------------------+-----
Axes           | 3 4 5 6 7 8 9 10 | 10.2
Fighting       | 3 4 5 6 7 |  7.9
Invocations    | 1 4 6 7 |  7.2
Armour         | 2 4 |  4.9
Throwing       | |  1.7
Dodging        | |  2.6

Action                   |  1- 3 |  4- 6 |  7- 9 | 10-12 || total
-------------------------+-------+-------+-------+-------++-------
Melee: War axe           |    97 |   156 |   186 |    23 ||   462
Invok: Stomp             |       |       |       |     2 ||     2
  Use: Scroll            |       |     4 |    18 |       ||    22
       Potion            |       |     1 |       |       ||     1
 Stab: Distracted        |       |       |     2 |     1 ||     3
       Paralysed         |       |       |    15 |     2 ||    17
  Eat: Chunk             |     1 |     4 |    14 |     1 ||    20
       Ration            |       |     1 |       |     1 ||     2
Armor: Leather armour    |    19 |       |       |       ||    19
       Chain mail        |    44 |    95 |    40 |       ||   179
       Plate armour      |       |       |    88 |    21 ||   109
Dodge: Dodged            |    64 |    53 |    55 |     8 ||   180
